 Dungeon Crawl Stone Soup version bcrawl-1.18.1 (webtiles) character file.

Game seed: 12643322444631005635

483 Revguard the Sneak (level 7, 0/39 HPs)
             Began as a Vine Stalker Archaeologist on Nov 9, 2019.
             Shot with an arrow by a centaur (6 damage)
             ... on level 5 of the Dungeon.
             The game lasted 00:08:05 (2861 turns).

Revguard the Sneak (Vine Stalker Archaeologist)     Turns: 2861, Time: 00:08:06

Health: 0/39       AC:  9    Str: 13    XL:     7   Next: 12%
Magic:  8/8        EV: 12    Int: 14    God:
Gold:   309        SH:  0    Dex: 15    Spells: 6/6 levels left

rFire    . . .     SeeInvis .   i - +0 dagger
rCold    . . .     Gourm    .   (no shield)
rNeg     . . .     Faith    .   h - +0 ring mail
rPois    .         Spirit   .   c - +1 hat
rElec    .         Reflect  .   r - +0 cloak
rCorr    .         Harm     .   (no gloves)
MR       .....                  d - +1 pair of boots
Stlth    ++........             (no amulet)
HPRegen  0.53/turn              (no ring)
MPRegen  0.11/turn              (no ring)

@: very slightly contaminated, studying Shields
A: fangs 3, regeneration 1, no potion heal 3, rot immunity, strong jaws
a: no special abilities


You were on level 5 of the Dungeon.
You were not hungry.

You visited 1 branch of the dungeon, and saw 5 of its levels.

You collected 309 gold pieces.

Inventory:

Hand Weapons
 a - a +0 whip
 i - a +0 dagger (weapon)
Armour
 b - a +1 robe
 c - a +1 hat (worn)
 d - a +1 pair of boots (worn)
 h - a +0 ring mail (worn)
 r - a +0 cloak (worn)
Wands
 p - a wand of digging (11)
 s - a wand of enslavement (4)
 x - a wand of flame (17)
Scrolls
 j - 11 scrolls of identify
 l - a scroll of immolation
 v - 2 scrolls of enchant weapon
Potions
 m - 4 potions of curing
 w - a potion of brilliance
Books
 e - a manual of Shields
Miscellaneous
 f - an ancient crate
Comestibles
 g - 13 rations {!d}
 k - 4 chunks of flesh


   Skills:
 + Level 1.9 Fighting
 + Level 2.6 Short Blades
 - Level 1.1 Maces & Flails
 * Level 3.0 Armour
 + Level 4.2 Dodging
 * Level 5.4 Stealth
 * Level 3.1 Shields


You had 6 spell levels left.
You didn't know any spells.
Your spell library was empty.

Dungeon Overview and Level Annotations

Branches:
Dungeon (5/12)             Temple (0/1) D:5

Altars:
Ashenzari
Cheibriados
Vehumet

Annotations:
D:4 Eustachio


Innate Abilities, Weirdness & Mutations

You have razor-sharp teeth.
Your natural rate of healing is unusually fast.
Potions cannot restore your health.
You are immune to rotting.
Your bites deal extra damage.


Message History

Press: ? - help, Shift-Dir - straight line, f/p - orc wizard
Aim: an orc wizard, wielding a +0 dagger and wearing a cursed -2 robe (lightly wounded, inner flame, chance to defeat MR: 46%)
The orc wizard is charmed.
The centaur shoots an arrow.
The arrow hits your orc wizard!
Your orc wizard explodes!
The centaur shoots an arrow.
The arrow hits you.
* * * LOW HITPOINT WARNING * * *
Okay, then.
Okay, then.
Okay, then.
There is an open door here.
You close the door.
There is an open door here.
You close the door.
A centaur opens the door.
The centaur shoots an arrow.
The arrow hits you.
* * * LOW HITPOINT WARNING * * *
The centaur shoots an arrow.
The arrow closely misses you.
The centaur shoots an arrow.
The arrow hits you.
You die...

# ###############
#.#.............#
#.#.#.#.#######.# #####
#.....#... ...#.# #...#
#.###.#########.#.# #.†.#
#>................#
#######...#######.#########.###
......+..c'.....@.)..#......#
#######...#....##.##.#.)##.##
.....######....##.##.#..##.#
####.# #######.##.#..##.#
####.# #..#.#..##.. ...#.#
##.#.#..######## ##.#.#
#.#.#.......... #.#.#
#.#.#.######### #.#.#
#######.#.#.#


You could see a centaur (inner flame).

Vanquished Creatures
  Sigmund (D:4)
  2 crimson imps (D:4)
  A hound (D:5)
  A worker ant (D:4)
  8 adders
  3 gnolls (D:3)
  An adder zombie (D:3)
  An adder skeleton (D:5)
  A worm (D:4)
  A dart slug (D:2)
  2 leopard geckos
  11 orcs
  2 bats (D:1)
  6 giant cockroaches
  6 goblins
  9 hobgoblins
  6 quokkas
  A ball python (D:3)
  4 frilled lizards
  7 kobolds
  2 rats (D:1)
76 creatures vanquished.

Vanquished Creatures (others)
  An orc wizard (D:5)
1 creature vanquished.

Grand Total: 77 creatures vanquished

Notes
Turn   | Place    | Note
-------+----------+-------------------------------------------
     0 | D:1      | Revguard the Vine Stalker Archaeologist began the quest for
                  | the Orb.
     0 | D:1      | Reached XP level 1. HP: 11/11 MP: 2/2
    73 | D:1      | Reached skill level 1 in Maces & Flails
   144 | D:1      | Reached XP level 2. HP: 16/16 MP: 3/3
   640 | D:1      | Reached skill level 1 in Fighting
   640 | D:1      | Reached XP level 3. HP: 20/20 MP: 4/4
   880 | D:2      | Found a snail-covered altar of Cheibriados.
  1067 | D:3      | Reached skill level 1 in Short Blades
  1067 | D:3      | Reached skill level 1 in Armour
  1067 | D:3      | Reached XP level 4. HP: 8/25 MP: 5/5
  1141 | D:3      | Reached skill level 1 in Shields
  1450 | D:3      | Reached skill level 5 in Stealth
  1706 | D:3      | Reached XP level 5. HP: 12/29 MP: 6/6
  1741 | D:3      | Found a radiant altar of Vehumet.
  1834 | D:4      | Noticed Sigmund
  1882 | D:4      | Killed Sigmund
  1882 | D:4      | Gained mutation: You have razor-sharp teeth. [Vine Stalker
                  | growth]
  1882 | D:4      | Reached XP level 6. HP: 8/34 MP: 7/7
  2091 | D:4      | Noticed Eustachio
  2116 | D:4      | Found a shattered altar of Ashenzari.
  2571 | D:5      | Entered Level 5 of the Dungeon
  2768 | D:5      | Reached XP level 7. HP: 39/39 MP: 8/8
  2819 | D:5      | Found a staircase to the Ecumenical Temple.
  2846 | D:5      | HP: 1/39 [centaur/arrow (5)]
  2861 | D:5      | Shot with an arrow by a centaur

Skill      XL: |  1  2  3  4  5  6  7 |
---------------+----------------------+-----
Maces & Flails | 1 |  1.1
Fighting       | 1 |  1.9
Short Blades   | 1 2 |  2.6
Armour         | 1 2 3 |  3.0
Shields        | 1 2 3 |  3.1
Stealth        | 5 |  5.4
Dodging        | 4 |  4.2

Action                   |  1- 3 |  4- 6 |  7- 9 || total
-------------------------+-------+-------+-------++-------
Melee: Dagger            |   157 |   335 |    40 ||   532
       Bite              |    13 |    40 |     3 ||    56
Evoke: Wand              |       |     1 |     4 ||     5
  Use: Scroll            |     2 |     7 |     2 ||    11
       Potion            |       |     3 |       ||     3
 Stab: Sleeping          |     3 |     4 |     1 ||     8
  Eat: Chunk             |     1 |     5 |     1 ||     7
Armor: Ring mail         |    95 |   121 |    12 ||   228
Dodge: Dodged            |   114 |   222 |    23 ||   359
